AoeStats
← AMANSIZ TAYYAR

Arena

504674038Analyzed
1v1 RM · 27d ago on Sep 6, 2026· 33m 56s· 2 players
Game mode
Random Map
Map size
Tiny (2 player)
Population
200
Speed
Normal
Resources
Standard
Victory
Conquest
Starting age
Dark Age
Ending age
Imperial Age
RankedLock teamsTeams togetherTeam positionsShared explorationLock speedFull tech treeHidden civsTurbo modeCheats
Victory
Defeat
🇹🇷 Turks · Türkiye
995
+18
🇨🇳 Hindustanis · China
1032
-18
68877168
10:16 Feudal Age
11:02 Loom
15:30 Castle Age
14:40 Double-Bit Axe
15:15 Horse Collar
17:16 Bow Saw
23:28 Scale Barding Armor
23:36 Forging
23:49 Heavy Plow
26:52 Bloodlines
27:06 Chain Barding Armor
28:01 Husbandry
28:09 Elite Skirmisher
29:14 Ballistics
28:49 Gold Mining
28:50 Stone Mining
29:47 Iron Casting
29:39 Fletching
30:18 Padded Archer Armor
31:26 Bodkin Arrow
33:01 Leather Archer Armor
AMANSIZ TAYYAR
11:16 Feudal Age
15:51 Castle Age
13:46 Gold Mining
13:45 Double-Bit Axe
14:26 Horse Collar
21:33 Imperial Age
20:50 Bow Saw
23:19 Heavy Plow
23:57 Gold Shaft Mining
25:31 Two-Man Saw
28:07 Padded Archer Armor
Connection lost

Rejoining the realm…

Still unreachable

The connection could not be restored.

Session expired

The server has moved on; the page needs a fresh start.